 Dungeon Crawl Stone Soup version 0.23.1 (webtiles) character file.

Game seed: 8048939916888555704

40 Borgoz the Sneak (level 3, 0/25 (26) HPs)
             Began as a Ghoul Enchanter on Mar 5, 2019.
             Slain by a worm (9 damage)
             ... on level 1 of the Dungeon.
             The game lasted 00:02:20 (882 turns).

Borgoz the Sneak (Ghoul Enchanter)                   Turns: 882, Time: 00:02:20

HP:   0/25 (26)     AC:  5    Str: 11    XL:     3   Next: 50%
MP:   0/4           EV: 11    Int: 10    God:
Gold: 91            SH:  0    Dex: 10    Spells: 2/5 levels left

rFire    . . .     SeeInvis .   a - +1 dagger
rCold    + . .     Gourm    .   (no shield)
rNeg     + + +     Faith    .   m - +0 leather armour
rPois    ∞         Spirit   .   k - +0 helmet
rElec    .         Reflect  .   e - +0 cloak
rCorr    .         Harm     .   (no gloves)
MR       .....                  (no boots)
Stlth    ++........             (no amulet)
HPRegen  0.00/turn              (no ring)
MPRegen  0.09/turn              (no ring)

@: very slightly contaminated, rotting
A: rotting body, claws 1, carnivore, cold resistance 1, negative energy
resistance 3, inhibited regeneration, torment resistance, unbreathing
a: no special abilities


You were on level 1 of the Dungeon.
You were not hungry.

You visited 1 branch of the dungeon, and saw 2 of its levels.

You collected 91 gold pieces.

Inventory:

Hand Weapons
 a - a +1 dagger (weapon)
Armour
 e - a +0 cloak (worn)
 k - a +0 helmet (worn)
 m - a +0 leather armour (worn)
Scrolls
 b - a scroll of enchant armour {unknown}
 c - a scroll of magic mapping {unknown}
 h - a scroll of fog {unknown}
 i - 2 scrolls of enchant weapon {unknown}
 j - a scroll of blinking {unknown}
 l - a scroll of identify {unknown}
 n - 6 scrolls of teleportation {unknown}
Potions
 f - a potion of brilliance {unknown}
Comestibles
 d - a ration
 g - 3 chunks of flesh


   Skills:
 + Level 0.3 Fighting
 + Level 1.0 Short Blades
 + Level 2.1 Dodging
 + Level 3.8 Stealth
 + Level 1.9 Spellcasting
 + Level 2.9 Hexes


You had 2 spell levels left.
You knew the following spells:

 Your Spells              Type           Power        Failure   Level  Hunger
a - Corona                Hex            #......      12%         1    ##.....
b - Ensorcelled Hibernat  Hex/Ice        #.....       34%         2    ###....

Your spell library contained the following spells:

 Spells                   Type           Power        Failure   Level  Hunger
 Confuse                  Hex            #.......     36%         3    ####...
 Tukima's Dance           Hex            #.......     36%         3    ####...
 Dazzling Spray           Conj/Hex       #.....       56%         3    ####...


Dungeon Overview and Level Annotations

Branches:
Dungeon (2/15)

Altars:


Innate Abilities, Weirdness & Mutations

Your body is rotting away.
You thrive on raw meat.
You are immune to poison.
You have sharp fingernails.
You are carnivorous and can eat meat at any time.
Your flesh is cold resistant. (rC+)
You are immune to negative energy. (rN+++)
You do not regenerate when monsters are visible.
You are immune to unholy pain and torment.
You can survive without breathing.


Message History

Aiming: Ensorcelled Hibernation (safe; 34% risk of failure)
Press: ? - help, Shift-Dir - straight line, f - worm
Aim: a worm (severely wounded, chance to defeat MR: 44%)
You miscast Ensorcelled Hibernation.
You shiver with cold.
The worm closely misses you.
You barely miss the worm.
The worm is severely wounded.
You hit the worm but do no damage.
The worm is severely wounded.
The worm closely misses you.
Your leather armour prevents you from hitting the worm.
The worm is severely wounded.
The worm bites you!
You hit the worm.
The worm is severely wounded.
You hit the worm.
The worm is almost dead.
You feel your flesh rotting away. The worm bites you!
You die...

###.......###....####.##.##.#.##
..##'''''##......##............#
...............#.##............#
..............##.##.....)......#
...(.#.###..####.##............#
.....#.#.......................#
.....#.#.......................#
^....#.#.......................#
#....#..........@..............#
.....###....>....w.............##
...### #........................#
...#####[.......................#
####...##..)....##..............#
.....#.....#....##..............#
####.##.#.##..####..............#
###....###....# #..............#
..#..##.#.##.## #..............#


You could see a worm.

Vanquished Creatures
  An ooze (D:1)
  A dart slug (D:1)
  A leopard gecko (D:1)
  3 bats (D:1)
  3 giant cockroaches (D:1)
  6 goblins (D:1)
  A hobgoblin (D:1)
  3 jackals (D:1)
  5 kobolds (D:1)
  A frilled lizard (D:1)
  3 rats (D:1)
28 creatures vanquished.

Notes
Turn   | Place    | Note
-------+----------+-------------------------------------------
     0 | D:1      | Borgoz the Ghoul Enchanter began the quest for the Orb.
     0 | D:1      | Reached XP level 1. HP: 14/14 MP: 2/2
    69 | D:1      | Reached XP level 2. HP: 11/20 MP: 1/3
   277 | D:1      | Learned a level 2 spell: Ensorcelled Hibernation
   368 | D:1      | Reached XP level 3. HP: 26/26 MP: 4/4
   772 | D:1      | Reached skill level 1 in Short Blades
   882 | D:1      | Slain by a worm

Skill      XL: |  1  2  3 |
---------------+----------+-----
Dodging        | 2 |  2.1
Short Blades   | 1 |  1.0
Fighting       | |  0.3
Stealth        | |  3.8
Spellcasting   | |  1.9
Hexes          | |  2.9

Action                   || total
-------------------------++-------
Melee: Dagger            ||   127
 Cast: Corona            ||     3
       Ensorcelled Hiber ||     2
 Stab: Sleeping          ||     3
  Eat: Chunk             ||     6
Armor: Robe              ||    30
       Leather armour    ||    12
Dodge: Dodged            ||    68
